 Dungeon Crawl Stone Soup version 0.27.1-33-g824d729ab1 (webtiles) character file.

Game seed: 9295718516464906519

36 zeram the Shield-Bearer (level 3, 0/29 HPs)
             Began as a Merfolk Fighter on Dec 13, 2021.
             Slain by a water moccasin zombie (5 damage)
             ... on level 3 of the Dungeon.
             The game lasted 00:01:51 (1813 turns).

zeram the Shield-Bearer (Merfolk Fighter)           Turns: 1813, Time: 00:01:52

Health: 0/29       AC:  6    Str: 17    XL:     3   Next: 37%
Magic:  3/3        EV:  7    Int:  7    God:
Gold:   109        SH:  9    Dex: 13    Spells: 2/2 levels left

rFire    . . .     SeeInvis .   a - +0 rapier
rCold    . . .     Faith    .   c - +0 kite shield
rNeg     . . .     Spirit   .   b - +0 scale mail
rPois    .         Reflect  .   (no helmet)
rElec    .         Harm     .   (no cloak)
rCorr    .         Rampage  .   (no gloves)
Will     .....                  (no boots)
Stlth    ..........             (no amulet)
HPRegen  0.09/turn              (no ring)
MPRegen  0.08/turn              (no ring)

@: no status effects
A: (nimble swimmer 2), mertail
a: no special abilities


You were on level 3 of the Dungeon.
You visited 1 branch of the dungeon, and saw 3 of its levels.

You collected 109 gold pieces.

Inventory:

Hand Weapons
 a - a +0 rapier (weapon)
Armour
 b - a +0 scale mail (worn)
 c - a +0 kite shield (worn)
Potions
 d - a potion of might
 e - 2 potions of heal wounds
 g - 2 potions of lignification {unknown}
 h - a potion of attraction {unknown}
 i - a potion of cancellation {unknown}


   Skills:
 - Level 3.2 Fighting
 - Level 2.4 Short Blades
 - Level 2.1 Armour
 + Level 4.3 Shields


You had 2 spell levels left.
You didn't know any spells.
Your spell library contained the following spells:

 Spells                   Type           Power      Damage    Failure   Level
 Corpse Rot               Necr/Air       N/A        N/A       100%        2
 Poisonous Vapours        Pois/Air       0%         N/A       100%        2
 Freezing Cloud           Conj/Ice/Air   0%         6-21      100%        5


Dungeon Overview and Level Annotations

Branches:
Dungeon (3/15)

Altars:


Innate Abilities, Weirdness & Mutations

((You are quick and stealthy near water. (Stealth+, EV+, Speed+++)))
Your lower body shifts to a powerful aquatic tail in water.


Message History

You are too injured to fight recklessly!
You are too injured to fight recklessly!
You are too injured to fight recklessly!
You are too injured to fight recklessly!
You are too injured to fight recklessly!
You are too injured to fight recklessly!
You are too injured to fight recklessly!
You are too injured to fight recklessly!
You are too injured to fight recklessly!
You hit the water moccasin zombie.
The water moccasin zombie is lightly damaged.
You block the water moccasin zombie's attack.
You hit the water moccasin zombie.
The water moccasin zombie is moderately damaged.
The water moccasin zombie bites you.
You block the water moccasin zombie's attack.
You barely miss the water moccasin zombie.
The water moccasin zombie is moderately damaged.
You block the water moccasin zombie's attack.
Your shield and scale mail prevent you from hitting the water moccasin zombie.
The water moccasin zombie is moderately damaged.
The water moccasin zombie bites you but does no damage.
The water moccasin zombie bites you.
* * * LOW HITPOINT WARNING * * *
You hit the water moccasin zombie.
The water moccasin zombie is moderately damaged.
You block the water moccasin zombie's attack.
You block the water moccasin zombie's attack.
The water moccasin zombie misses you.
The water moccasin zombie barely misses you.
You block the water moccasin zombie's attack.
The water moccasin zombie barely misses you.
The water moccasin zombie closely misses you.
You closely miss the water moccasin zombie.
The water moccasin zombie is moderately damaged.
The water moccasin zombie bites you.
* * * LOW HITPOINT WARNING * * *
The water moccasin zombie bites you but does no damage.
The water moccasin zombie bites you.
You die...

#...# #...# #...# #...# #.###
#.# #.#
############################.#
................@Z...........#
##############################
###### ##....# ##.##.# ##.##.#
.†.##.# ......#


You could see a water moccasin zombie.

Vanquished Creatures
  A worm (D:2)
  A dart slug (D:2)
  3 ball pythons
  A giant cockroach (D:2)
  2 goblins
  2 hobgoblins
  4 jackals (D:2)
  3 quokkas (D:2)
  A bat (D:2)
  3 frilled lizards
  2 kobolds
  8 rats
31 creatures vanquished.

Notes
Turn   | Place    | Note
-------+----------+-------------------------------------------
     0 | D:1      | zeram the Merfolk Fighter began the quest for the Orb.
     0 | D:1      | Reached XP level 1. HP: 18/18 MP: 1/1
   428 | D:1      | You fall into a shaft and drop 1 floor!
   453 | D:2      | Reached XP level 2. HP: 24/24 MP: 2/2
   591 | D:1      | Found a faded altar of an unknown god.
   894 | D:2      | Reached skill level 4 in Shields
  1033 | D:2      | Reached XP level 3. HP: 29/29 MP: 3/3
  1813 | D:3      | Slain by a water moccasin zombie

Illustrated notes

Levels and vault maps discovered:
D:1:      dpeg_arrival_ratfight, layout_loops_cross,
          shapermc_ecumenical_altar_mp_highgroup
D:2:      layout_basic
D:3:      layout_basic, mainiacjoe_overflow_swirl,
          gammafunk_temple_overflow_pools, minmay_surrounded

Skill      XL: |  1  2 |
---------------+-------+-----
Shields        | 4 |  4.3
Fighting       | |  3.2
Short Blades   | |  2.4
Armour         | |  2.1

Action                   || total
-------------------------++-------
Melee: Rapier            ||    88
  Use: Scroll            ||     4
Armor: Scale mail        ||    43
Dodge: Dodged            ||    36
Block: Kite shield       ||    58
